[Event "22nd Ruzomberok Open 2019"]
[Site "Ruzomberok"]
[Date "2019.06.29"]
[Round "1.1"]
[White "Ucekajova, Veronika"]
[Black "Jablonicky, Martin"]
[Result "0-1"]
[ECO "B08"]
[WhiteElo "1836"]
[BlackElo "2378"]
[Annotator "NA"]
[PlyCount "110"]
[EventDate "2019.06.29"]
[EventType "swiss"]
[EventCountry "SVK"]
[SourceTitle "playchess.com"]
[Source "ChessBase"]
[SourceQuality "1"]
[TimeControl "40/5400+30:1800+30"]

1. e4 g6 2. d4 Bg7 3. Nf3 d6 4. Nc3 Nf6 5. Be2 O-O 6. O-O Nc6 7. h3 e5 8. dxe5 dxe5 9. Bg5 Be6 10. Nd2 Nd4 11. Bc4 c6 12. Ne2 Bxc4 13. Nxc4 Ne6 14. Bxf6 Qxf6 15. c3 Qh4 16. Ng3 Rad8 17. Qc2 f5 18. exf5 gxf5 19. Qb3 Nc5 20. Qb4 Nd3 21. Qb3 Kh8 22. Ne3 Qg5 23. Ngxf5 Rxf5 24. Nxf5 Qxf5 25. Qxb7 Qg6 26. Rad1 Rg8 27. Qd7 Bh6 28. Qg4 Qf6 29. Rxd3 Rxg4 30. hxg4 e4 31. Rd7 e3 32. Rd3 Qe6 33. fxe3 Bxe3+ 34. Kh2 Qh6+ 35. Kg3 Bb6 36. Rdf3 Qd6+ 37. Kh3 Qh6+ 38. Kg3 Bc7+ 39. Kf2 Qd2+ 40. Kg1 Bd6 41. Rf6 Qe3+ 42. Kh1 Qg3 43. Rh6 Kg7 44. Rh3 Qxg4 45. Rff3 h5 46. Kg1 h4 47. Kf2 Qe4 48. Rd3 Bc5+ 49. Kf1 Qf4+ 50. Rhf3 Qh2 51. Rd7+ Kg6 52. Rdf7 Qg1+ 53. Ke2 Qxg2+ 54. Kd3 Qg5 55. Kc2 h3 0-1

[Event "22nd Ruzomberok Open 2019"]
[Site "Ruzomberok"]
[Date "2019.06.29"]
[Round "1.2"]
[White "Farkas, Gabor"]
[Black "Mocary, Metod"]
[Result "1-0"]
[ECO "B07"]
[WhiteElo "2353"]
[BlackElo "1830"]
[Annotator "NA"]
[PlyCount "63"]
[EventDate "2019.06.29"]
[EventType "swiss"]
[EventCountry "SVK"]
[SourceTitle "playchess.com"]
[Source "ChessBase"]
[SourceQuality "1"]
[TimeControl "40/5400+30:1800+30"]

1. e4 d6 2. d4 Nf6 3. Nc3 g6 4. h3 Bg7 5. Be3 c6 6. Qd2 O-O 7. Nf3 b5 8. a3 Bb7 9. Bh6 a5 10. Bxg7 Kxg7 11. Bd3 Nbd7 12. e5 Ne8 13. h4 h5 14. e6 fxe6 15. Bxg6 Rf6 16. Bxh5 Rf5 17. Bg4 Nef6 18. Bxf5 exf5 19. Qg5+ Kf7 20. Qxf5 Nf8 21. Ng5+ Ke8 22. h5 b4 23. axb4 axb4 24. Rxa8 Qxa8 25. Nd1 c5 26. h6 b3 27. h7 bxc2 28. Qxc2 Bxg2 29. h8=Q Bxh1 30. Qg6+ Kd7 31. Qf5+ Kc7 32. Ne6+ 1-0

[Event "22nd Ruzomberok Open 2019"]
[Site "Ruzomberok"]
[Date "2019.06.29"]
[Round "1.3"]
[White "Bartanus, Stanislav"]
[Black "Vojtek, Vladimir"]
[Result "0-1"]
[ECO "A22"]
[WhiteElo "1781"]
[BlackElo "2313"]
[Annotator "NA"]
[PlyCount "126"]
[EventDate "2019.06.29"]
[EventType "swiss"]
[EventCountry "SVK"]
[SourceTitle "playchess.com"]
[Source "ChessBase"]
[SourceQuality "1"]
[TimeControl "40/5400+30:1800+30"]

1. c4 e5 2. Nc3 Nf6 3. g3 c6 4. Bg2 Na6 5. d3 Be7 6. Nf3 Qc7 7. O-O O-O 8. a3 Nc5 9. b4 Ne6 10. Bb2 a5 11. b5 d6 12. Rc1 Bd7 13. a4 Rad8 14. Qc2 Rfe8 15. Rfd1 Qb6 16. e3 Bf8 17. d4 Qc7 18. dxe5 dxe5 19. Ne4 Nxe4 20. Qxe4 f6 21. Qc2 Nc5 22. Ba3 Bg4 23. Rxd8 Rxd8 24. Bxc5 Bxc5 25. Qe4 Qd7 26. Qc2 Bb4 27. bxc6 bxc6 28. h3 Bf5 29. Qb3 Be6 30. g4 Qd3 31. Qxd3 Rxd3 32. Ne1 Rc3 33. Rxc3 Bxc3 34. Nc2 Bxc4 35. Bxc6 Kf7 36. Na3 Bd3 37. Nb5 Bb4 38. Nc7 Ke7 39. Bb5 Be4 40. Kf1 g6 41. Bc4 f5 42. g5 Bc2 43. Bb5 Bb3 44. Ke2 e4 45. Na6 Bd6 46. Kd2 Be6 47. Kc3 Be5+ 48. Kd2 Bd6 49. Kc3 Bh2 50. Kd2 Kd6 51. h4 Kd5 52. Ke2 Bd6 53. f4 exf3+ 54. Kxf3 Bc8 55. Ke2 Bb7 56. Kd3 Ke5 57. Bc4 Bg2 58. Bg8 Bf1+ 59. Kc3 Bxa6 60. Bxh7 Bb4+ 61. Kc2 Be1 62. h5 gxh5 63. e4 fxe4 0-1

[Event "22nd Ruzomberok Open 2019"]
[Site "Ruzomberok"]
[Date "2019.06.29"]
[Round "1.4"]
[White "Zvarik, Martin"]
[Black "Kapicakova, Lucia"]
[Result "1-0"]
[ECO "A05"]
[WhiteElo "2308"]
[BlackElo "1776"]
[Annotator "NA"]
[PlyCount "79"]
[EventDate "2019.06.29"]
[EventType "swiss"]
[EventCountry "SVK"]
[SourceTitle "playchess.com"]
[Source "ChessBase"]
[SourceQuality "1"]
[TimeControl "40/5400+30:1800+30"]

1. Nf3 Nf6 2. g3 g6 3. Bg2 Bg7 4. d4 d6 5. O-O O-O 6. b3 Nbd7 7. Bb2 c5 8. c4 cxd4 9. Nxd4 a6 10. Nc3 Qc7 11. Rc1 Nb6 12. Rc2 Bd7 13. Rd2 Rad8 14. e4 Qc8 15. Re1 Bh3 16. Nc2 Bxg2 17. Kxg2 Rd7 18. Ne3 Rfd8 19. Qa1 Qc5 20. f3 Bh6 21. Ncd1 Ne8 22. Rde2 Bg7 23. Nf2 Bxb2 24. Qxb2 e6 25. Nd3 Qc7 26. Ng4 e5 27. c5 dxc5 28. Ndxe5 Re7 29. Nc6 h5 30. Nxe7+ Qxe7 31. Ne3 Rd4 32. Rd2 Qd7 33. Red1 Rxd2+ 34. Qxd2 Qxd2+ 35. Rxd2 Nc7 36. Rd6 Nba8 37. Rd8+ Kg7 38. Nd5 b5 39. Rc8 Nxd5 40. exd5 1-0

[Event "22nd Ruzomberok Open 2019"]
[Site "Ruzomberok"]
[Date "2019.06.29"]
[Round "1.6"]
[White "Jakab, Bela"]
[Black "Gasper, Jaroslav"]
[Result "1-0"]
[ECO "C42"]
[WhiteElo "2278"]
[BlackElo "1772"]
[Annotator "NA"]
[PlyCount "35"]
[EventDate "2019.06.29"]
[EventType "swiss"]
[EventCountry "SVK"]
[SourceTitle "playchess.com"]
[Source "ChessBase"]
[SourceQuality "1"]
[TimeControl "40/5400+30:1800+30"]

1. e4 e5 2. Nf3 Nf6 3. Nxe5 Qe7 4. d4 d6 5. Nf3 Qxe4+ 6. Be2 Be7 7. Nc3 Qf5 8. O-O Qd7 9. Re1 a6 10. Bg5 O-O 11. Bd3 c6 12. Qe2 Bd8 13. Ne4 Nd5 14. c4 f5 15. cxd5 fxe4 16. Qxe4 g6 17. Bh6 Rf7 18. Qe8+ 1-0

[Event "22nd Ruzomberok Open 2019"]
[Site "Ruzomberok"]
[Date "2019.06.29"]
[Round "1.7"]
[White "Korenova, Simona"]
[Black "Pniaczek, Marek"]
[Result "0-1"]
[ECO "E62"]
[WhiteElo "1764"]
[BlackElo "2276"]
[Annotator "NA"]
[PlyCount "118"]
[EventDate "2019.06.29"]
[EventType "swiss"]
[EventCountry "SVK"]
[SourceTitle "playchess.com"]
[Source "ChessBase"]
[SourceQuality "1"]
[TimeControl "40/5400+30:1800+30"]

1. c4 Nf6 2. Nc3 g6 3. g3 Bg7 4. Bg2 O-O 5. Nf3 d6 6. O-O Nc6 7. d4 Bf5 8. a3 Qd7 9. b4 e5 10. dxe5 Ng4 11. Bb2 Ngxe5 12. Nxe5 Nxe5 13. Qb3 Bh3 14. Rfd1 Bxg2 15. Kxg2 Rae8 16. b5 Qg4 17. Nd5 Qe4+ 18. Kg1 Qxe2 19. Bxe5 Bxe5 20. Ra2 Qg4 21. Re1 Kg7 22. Rae2 c6 23. bxc6 bxc6 24. Nb4 Qd7 25. Qd3 Bb2 26. Rxe8 Rxe8 27. Rxe8 Qxe8 28. Qxd6 Bxa3 29. Qd4+ Kg8 30. Nc2 c5 31. Qa1 Bb4 32. Qxa7 Qe5 33. Qa4 Bc3 34. Ne3 Bd4 35. Qa8+ Kg7 36. Qd5 Qe7 37. Nc2 Bf6 38. Kg2 Qe2 39. Ne3 Bd4 40. Qf3 Qd2 41. Nd5 Qa2 42. Nb6 Qa6 43. Qb3 Qb7+ 44. Kg1 h5 45. h4 Qe4 46. Qd1 Qf5 47. Qe1 Qf3 48. Kf1 Qb3 49. Nd7 Qxc4+ 50. Kg1 Qb3 51. Kh2 Qd5 52. Qe7 Qf3 53. Qe1 Qf5 54. Nb6 Bxf2 55. Qe7 Bd4 56. Nd7 Qf2+ 57. Kh3 Qf1+ 58. Kh2 Qg1+ 59. Kh3 Qh1# 0-1

[Event "22nd Ruzomberok Open 2019"]
[Site "Ruzomberok"]
[Date "2019.06.29"]
[Round "1.8"]
[White "Karas, Marek"]
[Black "Piecka, Juraj"]
[Result "1-0"]
[ECO "D01"]
[WhiteElo "2268"]
[BlackElo "1761"]
[Annotator "NA"]
[PlyCount "87"]
[EventDate "2019.06.29"]
[EventType "swiss"]
[EventCountry "SVK"]
[SourceTitle "playchess.com"]
[Source "ChessBase"]
[SourceQuality "1"]
[TimeControl "40/5400+30:1800+30"]

1. Nc3 d5 2. d4 Nf6 3. Bg5 h6 4. Bh4 g6 5. e3 Bg7 6. Nf3 O-O 7. Bd3 Kh7 8. O-O b6 9. Bxf6 exf6 10. e4 c6 11. exd5 cxd5 12. Re1 Ba6 13. Bxa6 Nxa6 14. Qe2 Nb4 15. a3 Nc6 16. Qb5 Ne7 17. Re2 a6 18. Qb3 Ra7 19. Rae1 Rd7 20. Qa4 Ra7 21. Nb5 Rd7 22. Qxa6 Nc6 23. Nc3 f5 24. Qd3 Re7 25. Rxe7 Nxe7 26. Qb5 Qd6 27. Qb4 Qxb4 28. axb4 Nc6 29. Nxd5 Nxd4 30. Nxd4 Bxd4 31. c3 Rd8 32. Rd1 Bg7 33. Kf1 b5 34. Ke2 h5 35. Nc7 Rb8 36. Rd5 Rb7 37. Nxb5 Re7+ 38. Kd1 Bf6 39. Nd4 Ra7 40. b5 Ra1+ 41. Kc2 Ra8 42. Nc6 Rc8 43. Rd6 Kg7 44. b6 1-0

[Event "22nd Ruzomberok Open 2019"]
[Site "Ruzomberok"]
[Date "2019.06.29"]
[Round "1.9"]
[White "Mudron, Jan"]
[Black "Sarkozy, Ladislav"]
[Result "0-1"]
[ECO "E32"]
[WhiteElo "1756"]
[BlackElo "2227"]
[Annotator "NA"]
[PlyCount "72"]
[EventDate "2019.06.29"]
[EventType "swiss"]
[EventCountry "SVK"]
[SourceTitle "playchess.com"]
[Source "ChessBase"]
[SourceQuality "1"]
[TimeControl "40/5400+30:1800+30"]

1. d4 Nf6 2. c4 e6 3. Nc3 Bb4 4. Qc2 O-O 5. a3 Bxc3+ 6. Qxc3 b6 7. Bg5 Bb7 8. f3 d5 9. e3 Nbd7 10. Bd3 h6 11. Bh4 Rc8 12. Ne2 c5 13. Bg3 cxd4 14. Qxd4 dxc4 15. Bc2 Re8 16. e4 e5 17. Qd1 Nc5 18. O-O Nh5 19. Qxd8 Rcxd8 20. Rfd1 Nxg3 21. hxg3 h5 22. Rxd8 Rxd8 23. Rd1 Rxd1+ 24. Bxd1 Nd3 25. b3 cxb3 26. Bxb3 Nc5 27. Bc4 Ba6 28. Bxa6 Nxa6 29. Nc3 Nc7 30. a4 Kf8 31. Kf2 Ke7 32. Ke3 Kd6 33. f4 Kc5 34. f5 f6 35. Nd5 Nxd5+ 36. exd5 Kd6 0-1

[Event "22nd Ruzomberok Open 2019"]
[Site "Ruzomberok"]
[Date "2019.06.29"]
[Round "1.11"]
[White "Orvisky, Vladimir"]
[Black "Vacek, Ondrej"]
[Result "0-1"]
[ECO "A29"]
[WhiteElo "1719"]
[BlackElo "2125"]
[Annotator "NA"]
[PlyCount "98"]
[EventDate "2019.06.29"]
[EventType "swiss"]
[EventCountry "SVK"]
[SourceTitle "playchess.com"]
[Source "ChessBase"]
[SourceQuality "1"]
[TimeControl "40/5400+30:1800+30"]

1. c4 e5 2. Nc3 Nc6 3. Nf3 Nf6 4. g3 d5 5. cxd5 Nxd5 6. Bg2 Nb6 7. d3 Be7 8. O-O O-O 9. Bd2 Re8 10. Rc1 Bf8 11. Qc2 Bg4 12. Qb1 a5 13. h3 Bf5 14. Ne4 Nd7 15. Be3 h6 16. Nc5 Nxc5 17. Bxc5 Bd6 18. Nd2 Qe7 19. Ne4 Bxe4 20. Bxd6 Qxd6 21. Bxe4 Nd4 22. Rfe1 c6 23. e3 Ne6 24. Red1 Rad8 25. Bf5 g6 26. Bxe6 Qxe6 27. Kg2 Rd5 28. Rd2 Red8 29. Rcd1 e4 30. d4 Qf5 31. Qc2 h5 32. h4 Qf3+ 33. Kh2 R8d6 34. Rh1 Kg7 35. Qd1 Qf6 36. a4 c5 37. Qc2 Qf3 38. Rhd1 cxd4 39. Rxd4 Rc6 40. Qd2 Rdc5 41. Rd8 Rc2 42. Qd4+ Rf6 43. Rd2 Rxd2 44. Qxd2 Qxf2+ 45. Qxf2 Rxf2+ 46. Kg1 Rxb2 47. Rd7 Kf6 48. Rd4 Kf5 49. Rd5+ Kg4 0-1

[Event "22nd Ruzomberok Open 2019"]
[Site "Ruzomberok"]
[Date "2019.06.29"]
[Round "1.12"]
[White "Bombek, Peter"]
[Black "Laurencsik, Alexander"]
[Result "1-0"]
[ECO "A49"]
[WhiteElo "2159"]
[BlackElo "1742"]
[Annotator "NA"]
[PlyCount "95"]
[EventDate "2019.06.29"]
[EventType "swiss"]
[EventCountry "SVK"]
[SourceTitle "playchess.com"]
[Source "ChessBase"]
[SourceQuality "1"]
[TimeControl "40/5400+30:1800+30"]

1. d4 Nf6 2. Nf3 g6 3. g3 Bg7 4. Bg2 d6 5. O-O O-O 6. a4 Nbd7 7. a5 e5 8. dxe5 dxe5 9. a6 e4 10. axb7 Bxb7 11. Nd4 a6 12. Na3 Qe7 13. c3 Rfd8 14. Qc2 Nb6 15. Bg5 h6 16. Bxf6 Bxf6 17. Rfd1 Bg7 18. e3 f5 19. Nb3 Rxd1+ 20. Rxd1 Rd8 21. Rxd8+ Qxd8 22. Nc5 Bc8 23. Bf1 a5 24. Nb5 Kh7 25. Nb3 c6 26. N5d4 Qd5 27. c4 Qd7 28. c5 Bxd4 29. Nxd4 Nd5 30. Qa4 g5 31. Qxc6 f4 32. Qxd7+ Bxd7 33. Bc4 Nb4 34. gxf4 gxf4 35. exf4 Kg6 36. Kg2 Kf6 37. Kf1 Nc6 38. Nxc6 Bxc6 39. Ke2 Kf5 40. Ke3 h5 41. Bg8 Kg6 42. Be6 Kf6 43. Bc8 h4 44. Kd4 Ba8 45. Bd7 Ke7 46. Bf5 Bc6 47. Bxe4 Ba4 48. Ke5 1-0

[Event "22nd Ruzomberok Open 2019"]
[Site "Ruzomberok"]
[Date "2019.06.29"]
[Round "1.13"]
[White "Zentko, Ladislav"]
[Black "Mrvova, Alena"]
[Result "0-1"]
[ECO "A05"]
[WhiteElo "1732"]
[BlackElo "2153"]
[Annotator "NA"]
[PlyCount "72"]
[EventDate "2019.06.29"]
[EventType "swiss"]
[EventCountry "SVK"]
[SourceTitle "playchess.com"]
[Source "ChessBase"]
[SourceQuality "1"]
[TimeControl "40/5400+30:1800+30"]

1. Nf3 Nf6 2. d4 e6 3. c4 c5 4. Nc3 Qa5 5. Bd2 cxd4 6. Nxd4 Qc5 7. e3 Be7 8. Be2 O-O 9. O-O Nc6 10. Na4 Qe5 11. f4 Qc7 12. Nb5 Qb8 13. Nac3 a6 14. Nd4 Qa7 15. Nxc6 bxc6 16. Kh1 Rb8 17. Qc2 d5 18. Rad1 Bd7 19. Bc1 Ne8 20. f5 dxc4 21. fxe6 Bxe6 22. Qe4 Rc8 23. Bxc4 Nd6 24. Rxd6 Bxc4 25. Rh6 gxh6 26. Qxc4 Qc5 27. Qxa6 f5 28. Qe2 Bg5 29. Qh5 Bxe3 30. g4 f4 31. Qxh6 Bxc1 32. Qe6+ Kh8 33. Rxc1 Rce8 34. Qd7 Qf2 35. Qxc6 f3 36. Rg1 Re1 0-1

[Event "22nd Ruzomberok Open 2019"]
[Site "Ruzomberok"]
[Date "2019.06.29"]
[Round "1.14"]
[White "Motycakova, Monika"]
[Black "Cabanova, Kristina"]
[Result "1-0"]
[ECO "B46"]
[WhiteElo "2150"]
[BlackElo "1728"]
[Annotator "NA"]
[PlyCount "49"]
[EventDate "2019.06.29"]
[EventType "swiss"]
[EventCountry "SVK"]
[SourceTitle "playchess.com"]
[Source "ChessBase"]
[SourceQuality "1"]
[TimeControl "40/5400+30:1800+30"]

1. e4 c5 2. Nf3 e6 3. d4 cxd4 4. Nxd4 a6 5. Nc3 Nc6 6. Be2 Be7 7. a4 Nf6 8. O-O Qc7 9. Be3 O-O 10. f4 d6 11. Kh1 Bd7 12. Nb3 Rac8 13. a5 Qb8 14. Bf3 Be8 15. g4 Na7 16. g5 Nd7 17. Bg2 Nc5 18. f5 exf5 19. Nd5 Bd8 20. Nxc5 dxc5 21. Bf4 Qa8 22. Bd6 Bb5 23. Rxf5 Bd7 24. Rf4 Be6 25. Qh5 1-0

[Event "22nd Ruzomberok Open 2019"]
[Site "Ruzomberok"]
[Date "2019.06.29"]
[Round "1.15"]
[White "Mc Aleenan, Charles"]
[Black "Hros, Roman"]
[Result "0-1"]
[ECO "A45"]
[WhiteElo "1746"]
[BlackElo "2195"]
[Annotator "NA"]
[PlyCount "88"]
[EventDate "2019.06.29"]
[EventType "swiss"]
[EventCountry "SVK"]
[SourceTitle "playchess.com"]
[Source "ChessBase"]
[SourceQuality "1"]
[TimeControl "40/5400+30:1800+30"]

1. d4 Nf6 2. Bg5 Ne4 3. Bf4 e6 4. f3 Bb4+ 5. c3 Bd6 6. Bxd6 Nxd6 7. e4 f5 8. e5 Nf7 9. f4 b6 10. Nf3 Bb7 11. Be2 Qe7 12. c4 Nc6 13. Nc3 O-O-O 14. d5 Nb4 15. a3 Na6 16. Nb5 Kb8 17. d6 cxd6 18. exd6 Qf6 19. b4 g5 20. fxg5 Nxg5 21. O-O Rc8 22. Rc1 e5 23. Qa4 Rhg8 24. Nxa7 Kxa7 25. b5 Ne4 26. bxa6 Bc6 27. Qc2 Qxd6 28. Bd3 Qxa3 29. Rb1 Nc5 30. Be2 Be4 31. Qd2 f4 32. Kh1 Rc6 33. Rb5 d5 34. Ne1 Rxg2 35. Nxg2 Rg6 36. Bh5 Rxg2 37. Qxg2 Bxg2+ 38. Kxg2 Qa2+ 39. Rf2 Qxc4 40. Rfb2 Qe4+ 41. Kh3 Nd7 42. Bg4 Nf6 43. Bc8 Qf3+ 44. Kh4 Qh5# 0-1

[Event "22nd Ruzomberok Open 2019"]
[Site "Ruzomberok"]
[Date "2019.06.29"]
[Round "1.17"]
[White "Malinovsky, Jozef"]
[Black "Hrnciar, Roman"]
[Result "0-1"]
[ECO "B72"]
[WhiteElo "1715"]
[BlackElo "2096"]
[Annotator "NA"]
[PlyCount "88"]
[EventDate "2019.06.29"]
[EventType "swiss"]
[EventCountry "SVK"]
[SourceTitle "playchess.com"]
[Source "ChessBase"]
[SourceQuality "1"]
[TimeControl "40/5400+30:1800+30"]

1. e4 c5 2. Nf3 d6 3. d4 cxd4 4. Nxd4 Nf6 5. Nc3 Nc6 6. Be3 g6 7. Qd2 Bg7 8. Be2 O-O 9. O-O-O Nxd4 10. Bxd4 Qa5 11. Kb1 Re8 12. f3 Be6 13. Bxf6 exf6 14. Nd5 Qxd2 15. Rxd2 Bxd5 16. Rxd5 f5 17. Bb5 Re5 18. Bc4 fxe4 19. Rxe5 Bxe5 20. fxe4 Kg7 21. Bd5 f5 22. h3 f4 23. b3 Rb8 24. c4 b6 25. Kc2 g5 26. Kd3 h5 27. Ke2 Kf6 28. Rf1 g4 29. hxg4 hxg4 30. Rh1 Rf8 31. Rh4 f3+ 32. gxf3 gxf3+ 33. Kf1 Kg5 34. Rh7 Kg4 35. Be6+ Kg3 36. Rh5 Re8 37. Bd5 Re7 38. Rg5+ Kf4 39. Rf5+ Ke3 40. Rf7 Re8 41. Rh7 b5 42. cxb5 Rc8 43. Bc6 Rg8 44. a4 Rg2 0-1

[Event "22nd Ruzomberok Open 2019"]
[Site "Ruzomberok"]
[Date "2019.06.29"]
[Round "1.18"]
[White "Cech, Dominik"]
[Black "Konkol, Emil"]
[Result "1-0"]
[ECO "C42"]
[WhiteElo "2092"]
[BlackElo "1714"]
[Annotator "NA"]
[PlyCount "53"]
[EventDate "2019.06.29"]
[EventType "swiss"]
[EventCountry "SVK"]
[SourceTitle "playchess.com"]
[Source "ChessBase"]
[SourceQuality "1"]
[TimeControl "40/5400+30:1800+30"]

1. e4 e5 2. Nf3 Nf6 3. Nxe5 d6 4. Nf3 Nxe4 5. Nc3 Nxc3 6. dxc3 Nc6 7. Bf4 Be7 8. Qd2 O-O 9. O-O-O Re8 10. h3 Bf6 11. g4 h6 12. Rg1 g5 13. Be3 Ne5 14. Be2 Be6 15. Kb1 Nc4 16. Bxc4 Bxc4 17. h4 gxh4 18. g5 hxg5 19. Bxg5 Kf8 20. Qf4 Bxg5 21. Nxg5 Be6 22. Qxh4 Ke7 23. Nxf7+ Kxf7 24. Qh7+ Kf6 25. Qg7+ Kf5 26. Qg4+ Kf6 27. Qg5+ 1-0

[Event "22nd Ruzomberok Open 2019"]
[Site "Ruzomberok"]
[Date "2019.06.29"]
[Round "1.19"]
[White "Verba, Vladimir"]
[Black "Bednar, Jan"]
[Result "0-1"]
[ECO "B24"]
[WhiteElo "1708"]
[BlackElo "2084"]
[Annotator "NA"]
[PlyCount "114"]
[EventDate "2019.06.29"]
[EventType "swiss"]
[EventCountry "SVK"]
[SourceTitle "playchess.com"]
[Source "ChessBase"]
[SourceQuality "1"]
[TimeControl "40/5400+30:1800+30"]

1. e4 c5 2. Nc3 Nc6 3. Bb5 Nd4 4. Nf3 Nxb5 5. Nxb5 a6 6. Nc3 e6 7. d4 cxd4 8. Qxd4 d6 9. O-O Qc7 10. a4 Bd7 11. Be3 Nf6 12. h3 Bc6 13. Rad1 Be7 14. Rfe1 O-O 15. Qb6 Qxb6 16. Bxb6 Rfc8 17. Nd4 Be8 18. Nb3 Nd7 19. Be3 Ne5 20. f4 Nc4 21. Bc1 Rc7 22. Nd2 Na3 23. Nf3 Nxc2 24. Re2 Nb4 25. f5 Rac8 26. Bf4 e5 27. Be3 Rc4 28. Nd2 R4c6 29. Nb3 Rxc3 30. bxc3 Rxc3 31. Na5 Bxa4 32. Rb1 Bb5 33. Ree1 Ra3 34. Bb6 d5 35. exd5 f6 36. Red1 Bd3 37. Rxb4 Bxb4 38. Nxb7 Bxf5 39. d6 Bd7 40. Bc5 a5 41. Rb1 Rd3 42. Bxb4 axb4 43. Rxb4 Bc6 44. Nd8 Rxd6 45. Rb8 Rd1+ 46. Kf2 Be8 47. Ke2 Rd7 48. Ne6 Re7 49. Nc5 Kf7 50. Ne4 Kg6 51. g4 h5 52. Ke3 hxg4 53. hxg4 Bc6 54. Ng3 Ra7 55. Nf5 Ra3+ 56. Kd2 Bd7 57. Ne3 Ra4 0-1

[Event "22nd Ruzomberok Open 2019"]
[Site "Ruzomberok"]
[Date "2019.06.29"]
[Round "1.20"]
[White "Holly, Andrej"]
[Black "Kukan, Michal"]
[Result "1-0"]
[ECO "B06"]
[WhiteElo "2046"]
[BlackElo "1698"]
[Annotator "NA"]
[PlyCount "95"]
[EventDate "2019.06.29"]
[EventType "swiss"]
[EventCountry "SVK"]
[SourceTitle "playchess.com"]
[Source "ChessBase"]
[SourceQuality "1"]
[TimeControl "40/5400+30:1800+30"]

1. e4 d6 2. d4 g6 3. Nc3 Bg7 4. Bc4 Nf6 5. Qe2 c6 6. e5 dxe5 7. dxe5 Nd5 8. Bd2 O-O 9. O-O-O Be6 10. g4 b5 11. Bb3 a5 12. Nxd5 Bxd5 13. Bg5 Qc7 14. Bxd5 cxd5 15. Rxd5 b4 16. Nf3 Rc8 17. Be3 b3 18. axb3 Ra6 19. Rc5 Rc6 20. Rxc6 Nxc6 21. Kb1 Nxe5 22. Bf4 Qc6 23. Bxe5 Bxe5 24. Qxe5 Qxc2+ 25. Ka1 Qxb3 26. Nd4 Qa4+ 27. Kb1 Rc4 28. Rc1 Rxc1+ 29. Kxc1 Qa1+ 30. Kc2 Qa4+ 31. Nb3 Qc4+ 32. Qc3 Qe4+ 33. Qd3 Qxg4 34. Qd8+ Kg7 35. Qd4+ Qxd4 36. Nxd4 Kf6 37. Kd3 e5 38. Nb3 Ke6 39. Nxa5 f5 40. Kc4 g5 41. b4 h5 42. b5 h4 43. b6 Kd6 44. b7 Kc7 45. Kd5 g4 46. Kxe5 g3 47. fxg3 f4 48. Kxf4 1-0

[Event "22nd Ruzomberok Open 2019"]
[Site "Ruzomberok"]
[Date "2019.06.29"]
[Round "1.21"]
[White "Staffen, Robert"]
[Black "Bartek, Ladislav"]
[Result "0-1"]
[ECO "C68"]
[WhiteElo "1683"]
[BlackElo "2042"]
[Annotator "NA"]
[PlyCount "72"]
[EventDate "2019.06.29"]
[EventType "swiss"]
[EventCountry "SVK"]
[SourceTitle "playchess.com"]
[Source "ChessBase"]
[SourceQuality "1"]
[TimeControl "40/5400+30:1800+30"]

1. e4 e5 2. Nf3 Nc6 3. Bb5 a6 4. Bxc6 dxc6 5. O-O f6 6. h3 Be6 7. d4 exd4 8. Qxd4 Qxd4 9. Nxd4 Bc4 10. Re1 O-O-O 11. Be3 c5 12. Nb3 Bxb3 13. cxb3 Bd6 14. Nc3 Ne7 15. Rad1 Nc6 16. Nd5 Nd4 17. Bxd4 cxd4 18. Rxd4 c6 19. Rc4 Kb8 20. Ne3 Bf4 21. Rc2 Rhe8 22. g3 Bc7 23. Nc4 b5 24. Ne3 Kb7 25. Rec1 Re6 26. Kg2 Bb6 27. Nf5 g6 28. Nh4 Rxe4 29. Rxc6 Re2 30. Rxf6 g5 31. Rf7+ Kb8 32. Rc6 Bd4 33. Kf1 Rxb2 34. Rxa6 gxh4 35. Rf4 hxg3 36. fxg3 Be3 0-1

[Event "22nd Ruzomberok Open 2019"]
[Site "Ruzomberok"]
[Date "2019.06.29"]
[Round "1.22"]
[White "Balogh, Peter"]
[Black "Horbal, Jozef"]
[Result "1-0"]
[ECO "C13"]
[WhiteElo "2258"]
[BlackElo "1660"]
[Annotator "NA"]
[PlyCount "59"]
[EventDate "2019.06.29"]
[EventType "swiss"]
[EventCountry "SVK"]
[SourceTitle "playchess.com"]
[Source "ChessBase"]
[SourceQuality "1"]
[TimeControl "40/5400+30:1800+30"]

1. e4 e6 2. d4 d5 3. Nc3 Nf6 4. Bg5 Be7 5. e5 Nfd7 6. h4 h6 7. Be3 c5 8. Qg4 Kf8 9. f4 cxd4 10. Bxd4 Nc6 11. Nf3 Nxd4 12. Nxd4 Qb6 13. O-O-O Bc5 14. Nb3 Be3+ 15. Kb1 a5 16. a4 Qb4 17. Bb5 Qxf4 18. Qe2 Qf2 19. Qg4 Nxe5 20. Qh3 Bf4 21. Ne2 g5 22. Rhf1 Qb6 23. Nxf4 gxf4 24. Rxf4 Bd7 25. Qc3 d4 26. Rfxd4 Bxb5 27. Rd6 Bc6 28. Qxe5 Ke7 29. Nd4 Rhd8 30. Nf5+ 1-0

[Event "22nd Ruzomberok Open 2019"]
[Site "Ruzomberok"]
[Date "2019.06.29"]
[Round "1.23"]
[White "Cernekova, Martina"]
[Black "Palider, Pavol"]
[Result "0-1"]
[ECO "D31"]
[WhiteElo "1659"]
[BlackElo "2026"]
[Annotator "NA"]
[PlyCount "102"]
[EventDate "2019.06.29"]
[EventType "swiss"]
[EventCountry "SVK"]
[SourceTitle "playchess.com"]
[Source "ChessBase"]
[SourceQuality "1"]
[TimeControl "40/5400+30:1800+30"]

1. d4 e6 2. c4 d5 3. Nc3 c6 4. Nf3 Nd7 5. e4 dxc4 6. Bxc4 Ngf6 7. Bg5 Be7 8. e5 Nd5 9. Bxe7 Qxe7 10. O-O Nxc3 11. bxc3 O-O 12. Bd3 Rd8 13. Qc2 Nf8 14. Rfe1 b6 15. Be4 Bb7 16. Re3 Rdc8 17. Qd3 c5 18. Nd2 cxd4 19. cxd4 Bd5 20. Bxd5 exd5 21. Rh3 h6 22. Nf3 Rc4 23. Nh4 Rac8 24. g3 Ne6 25. Nf5 Qg5 26. Rh4 Rc3 27. Nxh6+ gxh6 28. Qa6 Rc1+ 29. Rxc1 Qxc1+ 30. Kg2 Rc7 31. Rg4+ Kf8 32. Qd3 Ng5 33. h4 Ne4 34. Qb3 Qc4 35. Qa3+ Ke8 36. Rg8+ Kd7 37. Qf8 Kc6 38. Qxh6+ Kb5 39. Qe3 Qxa2 40. Rd8 Rc3 41. Qf4 Rc2 42. Qe3 Nxf2 43. Kf3 Qc4 44. Kf4 Ne4 45. Kg4 Rc3 46. Qe1 Rxg3+ 47. Kh5 Rb3 48. Qa1 a5 49. Qg1 Ng3+ 50. Kg5 Qc6 51. Rd6 Ne4+ 0-1

[Event "22nd Ruzomberok Open 2019"]
[Site "Ruzomberok"]
[Date "2019.06.29"]
[Round "1.24"]
[White "Viczencz, Peter"]
[Black "Demko, Ladislav"]
[Result "1-0"]
[ECO "B32"]
[WhiteElo "2014"]
[BlackElo "1642"]
[Annotator "NA"]
[PlyCount "107"]
[EventDate "2019.06.29"]
[EventType "swiss"]
[EventCountry "SVK"]
[SourceTitle "playchess.com"]
[Source "ChessBase"]
[SourceQuality "1"]
[TimeControl "40/5400+30:1800+30"]

1. e4 c5 2. Nf3 Nc6 3. d4 cxd4 4. Nxd4 d6 5. Be3 Nf6 6. f3 a6 7. Nc3 e6 8. f4 Be7 9. Bd3 e5 10. Nf5 Bxf5 11. exf5 d5 12. fxe5 Nxe5 13. Bd4 Nc6 14. Bf2 O-O 15. O-O Qd7 16. Qf3 Ne5 17. Qe2 Nxd3 18. Qxd3 Qc6 19. Ne2 Bc5 20. Nd4 Qb6 21. Kh1 Bxd4 22. Bxd4 Qc6 23. c3 Rfe8 24. Bxf6 gxf6 25. Rad1 Re5 26. Rf4 Rae8 27. Rdf1 Re2 28. Qh3 R8e3 29. Rg4+ Kf8 30. Qh6+ Ke7 31. Rg8 Kd6 32. Qxf6+ Kc5 33. Qd4+ Kd6 34. Rd8+ Kc7 35. Rxd5 Re4 36. Qd3 Kb8 37. h3 R2e3 38. Rd8+ Ka7 39. Qd5 Qxd5 40. Rxd5 Re2 41. Rd7 Rxb2 42. Rxf7 Rxa2 43. Rb1 a5 44. Rfxb7+ Ka8 45. f6 Rf2 46. Rb8+ Ka7 47. R1b7+ Ka6 48. Rb3 Ka7 49. R8b7+ Ka8 50. f7 Ref4 51. R7b5 Rxf7 52. Rxa5+ Ra7 53. Rxa7+ Kxa7 54. Kh2 1-0